 Dungeon Crawl Stone Soup version 0.27-a0-1595-g0b823d0a13 (webtiles) character file.

Game seed: 11807078074303917152

149 robertstho the Chiller (level 5, -3/25 HPs)
             Began as a Vine Stalker Ice Elementalist on July 20, 2021.
             Slain by Sigmund (14 damage)
             ... on level 3 of the Dungeon.
             The game lasted 00:04:28 (2880 turns).

robertstho the Chiller (VSIE)                       Turns: 2880, Time: 00:04:28

Health: -3/25      AC:  2    Str: 17    XL:     5   Next: 31%
Magic:  0/11       EV: 12    Int: 16    God:
Gold:   106        SH:  0    Dex: 14    Spells: 10/11 levels left

rFire    + . .     SeeInvis .   d - +1 whip (vamp)
rCold    . . .     Faith    .   (no shield)
rNeg     . . .     Spirit   +   a - +0 robe
rPois    .         Reflect  .   (no helmet)
rElec    .         Harm     .   (no cloak)
rCorr    .         Rampage  .   (no gloves)
Will     .....                  (no boots)
Stlth    ++........             (no amulet)
HPRegen  1.08/turn              m - ring of protection from fire
MPRegen  0.12/turn              n - +6 ring of strength

@: no status effects
A: fangs 2, regeneration 1, magic shield, antimagic bite, no potion heal 2
a: no special abilities


You were on level 3 of the Dungeon.
You visited 1 branch of the dungeon, and saw 3 of its levels.

You collected 106 gold pieces.

Inventory:

Hand Weapons
 d - a +1 vampiric whip (weapon)
Missiles
 h - 3 atropa-tipped darts
Armour
 a - a +0 robe (worn)
Jewellery
 m - a ring of protection from fire (left hand)
 n - a +6 ring of strength (right hand)
Wands
 p - a wand of polymorph (7)
 q - a wand of flame (17)
Scrolls
 b - a scroll of teleportation {unknown}
 c - a scroll of enchant armour
 j - 2 scrolls of fog
Potions
 e - a potion of flight {unknown}
 g - 2 potions of curing {unknown}
 i - 2 potions of degeneration {unknown}
 k - a potion of ambrosia {unknown}
 l - 2 potions of resistance {unknown}
 o - 2 potions of might {unknown}
 r - a potion of magic {unknown}


   Skills:
 * Level 1.5 Fighting
 + Level 1.7 Dodging
 + Level 3.0 Stealth
 + Level 1.0 Unarmed Combat
 * Level 3.6 Spellcasting
 + Level 4.8 Ice Magic


You had 10 spell levels left.
You knew the following spells:

 Your Spells              Type           Power      Damage    Failure   Level
a - Freeze                Ice            72%        1d9       2%          1

Your spell library contained the following spells:

 Spells                   Type           Power      Damage    Failure   Level
 Frozen Ramparts          Ice            36%        1d5       8%          3
 Ozocubu's Armour         Ice            18%        N/A       8%          3
 Sandblast                Erth           4%         2d4       19%         1
 Passwall                 Tmut/Erth      1%         N/A       26%         2
 Hailstorm                Conj/Ice       10%        3d5       54%         4
 Lee's Rapid Deconstruct  Erth           1%         3d5*      99%         5


Dungeon Overview and Level Annotations

Branches:
Dungeon (3/15)

Altars:
Uskayaw

Annotations:
D:3 Sigmund


Innate Abilities, Weirdness & Mutations

You have extremely sharp teeth.
Your natural rate of healing is unusually fast.
When hurt, damage is shared between your health and your magic reserves.
Your bite disrupts and absorbs the magic of your enemies.
Potions cannot restore your health.


Message History

You are too injured to fight recklessly!
Casting: Freeze (safe; 2% risk of failure)
Confirm with . or Enter, or press ? or * to list all spells.
Aiming: Freeze (safe; 2% risk of failure)
Press: ? - help, Shift-Dir - straight line, f - Sigmund
Aim: Sigmund, wielding a +0 scythe and wearing a +0 robe (moderately wounded)
You freeze Sigmund!
Sigmund is heavily wounded.
Sigmund hits you with a +0 scythe!
* * * LOW HITPOINT WARNING * * *
Casting: Freeze (safe; 2% risk of failure)
Confirm with . or Enter, or press ? or * to list all spells.
Aiming: Freeze (safe; 2% risk of failure)
Press: ? - help, Shift-Dir - straight line, f/p - Sigmund
Aim: Sigmund, wielding a +0 scythe and wearing a +0 robe (heavily wounded)
You freeze Sigmund.
Sigmund is severely wounded.
Sigmund falters for a moment.
Unknown command.
Casting: Freeze (safe; 2% risk of failure)
Confirm with . or Enter, or press ? or * to list all spells.
Aiming: Freeze (safe; 2% risk of failure)
Press: ? - help, Shift-Dir - straight line, f/p - Sigmund
Aim: Sigmund, wielding a +0 scythe and wearing a +0 robe (severely wounded)
You freeze Sigmund.
Sigmund is severely wounded.
Sigmund falters for a moment.
Unknown command.
Casting: Freeze (safe; 2% risk of failure)
Confirm with . or Enter, or press ? or * to list all spells.
You don't have enough magic to cast this spell.
Sigmund hits you but does no damage.
Unknown command.
You don't have enough magic to cast this spell.
Unknown command.
You closely miss Sigmund. You bite Sigmund, but do no damage.
Sigmund is severely wounded.
Sigmund hits you with a +0 scythe!
Ouch! That really hurt!
You die...

....... ## #..... ..
....... ... #.# #.#...#..#
#.# #.#...#..# ...
......... #.# #.#@..# #.#
#.#@>.# #.# #.#...#
#.###.#...#..#
#..............
#.###.#........ #.#
#.......... #.#.#
####..#.............
#.#.######................
##.#.#....................#


You could see Sigmund.

Vanquished Creatures
  Natasha (thrice) (D:2)
  2 adders (D:2)
  A worm (D:2)
  5 endoplasms
  A giant cockroach (D:1)
  4 goblins
  7 hobgoblins
  3 jackals (D:1)
  2 quokkas
  4 ball pythons
  7 bats
  4 frilled lizards
  2 kobolds (D:1)
  6 rats
51 creatures vanquished.

Notes
Turn   | Place    | Note
-------+----------+-------------------------------------------
     0 | D:1      | robertstho the Vine Stalker Ice Elementalist began the
                  | quest for the Orb.
     0 | D:1      | Reached XP level 1. HP: 9/9 MP: 4/4
   411 | D:1      | Reached XP level 2. HP: 12/13 MP: 6/6
  1214 | D:1      | Reached skill level 1 in Fighting
  1214 | D:1      | Reached XP level 3. HP: 17/18 MP: 4/7
  1335 | D:1      | Found a faded altar of an unknown god.
  1748 | D:2      | Noticed Natasha
  1757 | D:2      | Killed Natasha
  1758 | D:2      | Gained mutation: Your natural rate of healing is unusually
                  | fast. [Vine Stalker growth]
  1758 | D:2      | Reached XP level 4. HP: 18/22 MP: 4/9
  1880 | D:2      | Found a hide-covered altar of Uskayaw.
  2019 | D:2      | Reached skill level 1 in Unarmed Combat
  2325 | D:2      | Noticed Natasha
  2343 | D:2      | Killed Natasha
  2344 | D:2      | Reached XP level 5. HP: 17/25 MP: 1/11
  2752 | D:2      | Noticed Natasha
  2757 | D:2      | Killed Natasha
  2870 | D:3      | Noticed Sigmund
  2880 | D:3      | Slain by Sigmund

Illustrated notes

Levels and vault maps discovered:
D:1:      dpeg_arrival_brainrot, layout_basic, ebering_ecumenical_altar_hall,
          minmay_quantized
D:2:      minmay_angry_zag, layout_loops_ring, basic_altar, uniq_natasha
D:3:      layout_basic, uniq_ijyb, uniq_terence, uniq_robin, uniq_sigmund

Skill      XL: |  1  2  3  4  5 |
---------------+----------------+-----
Fighting       | 1 |  1.5
Spellcasting   | 3 |  3.6
Unarmed Combat | 1 |  1.0
Stealth        | 3 |  3.0
Dodging        | |  1.7
Ice Magic      | |  4.8

Action                   |  1- 3 |  4- 6 || total
-------------------------+-------+-------++-------
Melee: Unarmed           |    83 |    23 ||   106
       Bite              |    26 |    11 ||    37
       Whip              |       |     7 ||     7
 Cast: Freeze            |    20 |    28 ||    48
  Use: Scroll            |       |     3 ||     3
 Stab: Sleeping          |     8 |     3 ||    11
Armor: Robe              |    23 |     7 ||    30
Dodge: Dodged            |    66 |    26 ||    92

Table legend: (Time is in decaauts)
 A = Elapsed time spent in this place.
 B = Non-inter-level travel time spent in this place.
 C = Inter-level travel time spent in this place.
 D = Time resting spent in this place.
 E = Time spent auto-exploring this place.
 F = Levels seen in this place.
 G = Mean time per level.
                   A        B        C        D        E       F      G
               +--------+--------+--------+--------+--------+-----+--------+
         Total |   2884 |   2834 |     50 |      0 |   2439 |   3 |  961.3 |
       Dungeon |   2884 |   2834 |     50 |      0 |   2439 |   3 |  961.3 |
               +--------+--------+--------+--------+--------+-----+--------+

Top non-repeatable levels by time:
     D:1: 1632 daAuts
     D:2: 1186 daAuts
     D:3: 64 daAuts
